 Dungeon Crawl Stone Soup version 0.27-a0-1312-g5cdb2b3542 (webtiles) character file.

Game seed: 8219487975940114090

246745 freelancePsychic the Fighter (level 20, -13/143 HPs)
             Began as a Human Ice Elementalist on June 19, 2021.
             Was the Champion of Hepliaklqana.
             Killed from afar by a deep elf knight (23 damage)
             ... with a shard of ice
             ... on level 3 of the Elven Halls.
             The game lasted 02:36:36 (54804 turns).

freelancePsychic the Fighter (HuIE)                Turns: 54804, Time: 02:36:37

Health: -13/143    AC: 13    Str: 15    XL:     20   Next: 78%
Magic:  6/34       EV: 22    Int: 38    God:    Hepliaklqana [******]
Gold:   232        SH: 13    Dex: 20    Spells: 15/40 levels left

rFire    + + +     SeeInvis .   a - +3 Elemental Staff {rElec rF++ rC++ Will++ AC+5}
rCold    + + +     Faith    .   j - +2 buckler
rNeg     + . .     Spirit   .   y - +1 robe of Niufy {Will+ rCorr Int+4}
rPois    +         Reflect  +   l - -2 hat of the Alchemist {rElec rPois rF+ rC+ rN+ Will+ rMut rCorr}
rElec    +         Harm     .   D - +2 cloak
rCorr    +         Rampage  .   V - +0 pair of gloves
rMut     +                      k - +2 pair of boots {Fly}
Will     +++++                  A - amulet of Fatigue {Reflect Str+4 Dex+2 SH+5 Stlth+}
Stlth    +++.......             O - ring of the Saviour {Will+ Int+6 Dex+4}
HPRegen  0.33/turn              x - +6 ring of intelligence
MPRegen  0.24/turn

@: about to teleport, flying, very slightly contaminated
A: reduced essence
}: 1/15 runes: serpentine
a: Renounce Religion, Recall Ancestor, Ancestor Identity, Transference, Idealise


You were on level 3 of the Elven Halls.
You worshipped Hepliaklqana.
Hepliaklqana was exalted by your worship.
You visited 5 branches of the dungeon, and saw 30 of its levels.
You visited 1 bazaar.
You also visited: Sewer, Bailey and Ice Cave.

You collected 4629 gold pieces.
You spent 4397 gold pieces at shops.

Inventory:

Hand Weapons
 a - the +3 Elemental Staff (weapon) {rElec rF++ rC++ Will++ AC+5}
   (You acquired it in a bailey)

   It affects your AC (+5).
   It greatly protects you from fire.
   It greatly protects you from cold.
   It insulates you from electricity.
   It greatly increases your willpower.
Missiles
 q - 6 curare-tipped darts
 G - 3 throwing nets
Armour
 j - a +2 buckler (worn)
 k - a +2 pair of boots of flying (worn)
 l - the -2 hat of the Alchemist (worn) {rElec rPois rF+ rC+ rN+ Will+ rMut rCorr}
   (You bought it in a shop on level 2 of the Orcish Mines)

   It protects you from fire.
   It protects you from cold.
   It insulates you from electricity.
   It protects you from poison.
   It protects you from negative energy.
   It protects you from acid and corrosion.
   It protects you from mutation.
   It increases your willpower.
 y - the +1 robe of Niufy (worn) {Will+ rCorr Int+4}
   (You found it on level 2 of the Lair of Beasts)

   It affects your intelligence (+4).
   It protects you from acid and corrosion.
   It increases your willpower.
 D - a +2 cloak (worn)
 V - a +0 pair of gloves (worn)
Jewellery
 b - a ring of poison resistance
 n - a ring of magical power
 x - a +6 ring of intelligence (right hand)
 A - the amulet of Fatigue (around neck) {Reflect Str+4 Dex+2 SH+5 Stlth+}
   (You found it on level 5 of the Dungeon)

   [amulet of reflection]

   It reflects blocked missile attacks.
   It affects your strength (+4).
   It affects your dexterity (+2).
   It affects your SH (+5).
   It makes you more stealthy.
 B - an amulet of regeneration
 J - a ring of positive energy
 K - a +4 ring of evasion
 O - the ring of the Saviour (left hand) {Will+ Int+6 Dex+4}
   (You bought it in a shop on level 2 of the Orcish Mines)

   [ring of intelligence]

   It affects your intelligence (+6).
   It affects your dexterity (+4).
   It increases your willpower.
Wands
 p - a wand of iceblast (6)
 z - a wand of polymorph (34)
 C - a wand of flame (68)
 N - a wand of mindburst (26)
 Q - a wand of charming (3)
 S - a wand of acid (8)
 T - a wand of paralysis (18)
Scrolls
 f - 3 scrolls of torment
 g - 4 scrolls of teleportation {@r4}
 h - a scroll of blinking
 i - a scroll of vulnerability
 m - 2 scrolls of summoning
 o - 4 scrolls of immolation
 t - 3 scrolls of brand weapon
 u - 6 scrolls of fog
 E - 6 scrolls of enchant weapon
 F - a scroll of holy word
 H - 9 scrolls of amnesia
 I - 6 scrolls of identify {@r1}
 L - 2 scrolls of silence
 U - 3 scrolls of enchant armour
Potions
 d - 4 potions of heal wounds {@q2}
 e - 3 potions of invisibility
 r - 6 potions of resistance
 s - 11 potions of curing {@q1}
 v - 2 potions of might
 w - 4 potions of flight
 M - 5 potions of attraction
 P - 6 potions of haste {@q3}
 R - 3 potions of mutation
 W - 2 potions of brilliance
 X - a potion of cancellation
 Y - a potion of berserk rage
 Z - a potion of lignification
Miscellaneous
 c - a condenser vane


   Skills:
 - Level 14.2 Fighting
 - Level 11.9(12.0) Staves
 - Level 13.6 Dodging
 - Level 2.0 Stealth
 - Level 4.0 Shields
 + Level 10.8 Spellcasting
 - Level 14.2 Conjurations
 - Level 4.0 Hexes
 - Level 10.9 Ice Magic
 - Level 12.0 Earth Magic
 - Level 6.0 Invocations
 - Level 11.3 Evocations


You had 15 spell levels left.
You knew the following spells:

 Your Spells              Type           Power      Damage    Failure   Level
a - Iron Shot             Conj/Erth      55%        9d10      1%          6
b - Frozen Ramparts       Ice            100%       1d12      1%          3
c - Ozocubu's Armour      Ice            100%       N/A       1%          3
d - Hailstorm             Conj/Ice       100%       3d20      1%          4
e - Tukima's Dance        Hex            50%        N/A       1%          3
f - Metabolic Englaciati  Hex/Ice        43%        N/A       2%          5
g - Freeze                Ice            100%       1d11      1%          1

Your spell library contained the following spells:

 Spells                   Type           Power      Damage    Failure   Level
 Sandblast                Erth           100%       2d20      0%          1
 Searing Ray              Conj           100%       3d7       0%          2
 Corona                   Hex            55%        N/A       1%          1
 Foxfire                  Conj/Fire      100%       2x1d9     1%          1
 Ensorcelled Hibernation  Hex/Ice        100%       N/A       1%          2
 Passwall                 Tmut/Erth      65%        N/A       1%          2
 Confusing Touch          Hex            50%        N/A       1%          3
 Conjure Flame            Conj/Fire      84%        6-21      1%          3
 Dazzling Flash           Conj/Hex       100%       N/A       1%          3
 Stone Arrow              Conj/Erth      100%       3d13      1%          3
 Animate Armour           Summ/Erth      100%       N/A       1%          4
 Leda's Liquefaction      Hex/Erth       44%        N/A       1%          4
 Petrify                  Tmut/Erth      79%        N/A       1%          4
 Sticky Flame             Conj/Fire      84%        2d10      1%          4
 Bolt of Magma            Conj/Fire/Erth 57%        4d23      1%          5
 Lee's Rapid Deconstruct  Erth           53%        3d26*     1%          5
 Inner Flame              Hex/Fire       52%        N/A       2%          3
 Fireball                 Conj/Fire      42%        3d17      2%          5
 Conjure Ball Lightning   Conj/Air       42%        3x3d15    16%         6
 Statue Form              Tmut/Erth      52%        N/A       24%         6
 Spellforged Servitor     Conj/Summ      32%        N/A       65%         7
 Shatter                  Erth           53%        3d40*     100%        9


Dungeon Overview and Level Annotations

Branches:
Dungeon (15/15)            Temple (0/1) D:6            Lair (6/6) D:10
  Swamp (0/4) Lair:4        Snake (4/4) Lair:4        Slime (0/5) Lair:6
    Orc (2/2) D:9             Elf (3/3) Orc:2        Vaults (0/5) D:14
 Depths (0/5) D:15          Sewer (visited)          Bailey (visited)
  IceCv (visited)

Altars:
Dithmenos
Elyvilon
Fedhas
Hepliaklqana
Kikubaaqudgha
Makhleb
Qazlal
Ru
Sif Muna
Uskayaw
Vehumet
Xom
Zin
Beogh

Shops:
D:5 *   D:8 (   D:13 [   Orc:2 *?[*   Snake:1 :=:   Snake:2 =[?   Snake:3 **

Annotations:
D:7 2 runed translucent doors, Sabo's ghost, novice DjGl
D:11 2 transporters
Elf:2 5 runed translucent doors


Message History

The shard of ice hits you!!! You partially resist.
* * * LOW HITPOINT WARNING * * *
The deep elf master archer shoots an arrow.
The arrow hits you!
* * * LOW HITPOINT WARNING * * *
Casting: Iron Shot (mildly dangerous; 1% risk of failure)
Confirm with . or Enter, or press ? or * to list all spells.
Aiming: Iron Shot (mildly dangerous; 1% risk of failure)
Press: ? - help, Shift-Dir - straight line, f/p - deep elf master archer
Aim: a deep elf master archer, wielding a +0 longbow, wearing a +0 leather armour and quivering arrows (heavily wounded, ally target, 66% to hit)
You feel a surge of power!
You miscast Iron Shot.
You are very lightly contaminated with residual magic.
Nothing appears to happen.
The deep elf knight gestures at you while chanting.
The shard of ice misses you.
The deep elf knight mumbles some strange words.
The deep elf knight flickers and vanishes!
Deactivating autopickup; reactivate with Ctrl-A.
You feel much better.
Knightcicle hits the deep elf master archer with a +0 broad axe of flaming.
Knightcicle burns the deep elf master archer.
The deep elf master archer shoots an arrow.
Knightcicle reflects the arrow off his +0 tower shield of reflection!
The arrow barely misses the deep elf master archer.
You hear some strange, mumbled words.
A shard of ice appears from out of thin air!
The shard of ice hits you!! You partially resist.
* * * LOW HITPOINT WARNING * * *
The deep elf master archer shoots an arrow.
Knightcicle reflects the arrow off his +0 tower shield of reflection!
The arrow hits the deep elf master archer!
Knightcicle hits the deep elf master archer with a +0 broad axe of flaming!
Knightcicle burns the deep elf master archer.
The deep elf master archer dies!
As you read the scroll of teleportation {@r4}, it crumbles to dust.
You feel strangely unstable.
You hear some strange, mumbled words.
A shard of ice appears from out of thin air!
The shard of ice hits you!! You partially resist.
You die...

#.# ##.## #.# #.# ##.##
#.# #.# ##.## #.#
##'###.## #.# ##...#'##
#.# ##.....## #.#
##.......## ###'###
#....)....# #.....#
#....P...@##########..8..#
#..)..{.R.)........'.)..##
##....[..############...##
##.[.).## ##.#'# #....##
#.##. #..### ##### #..# #
##.## #..##


You could see the friendly Knightcicle the knight (fast).

Vanquished Creatures
  Vashnia (Snake:3)
  Asterion (Snake:4)
  A deep elf master archer (Elf:3)
  A deep elf blademaster (Elf:3)
  Agnes (Snake:2)
  5 nagarajas
  Aizul (Elf:1)
  The ghost of porpoise the Severer, a journeyman MiBe of Trog (Lair:1)
  2 deep elf demonologists (Elf:3)
  3 deep elf annihilators (Elf:3)
  2 deep elf death magi (Elf:3)
  2 deep elf high priests (Elf:3)
  2 fire dragons
  2 salamander tyrants
  12 naga warriors
  4 ogre magi
  3 vault guards (D:14)
  5 hydras
  A centaur warrior (D:13)
  3 boulder beetles
  A catoblepas (Lair:6)
  4 anacondas
  3 two-headed ogres
  8 naga sharpshooters
  4 death yaks
  2 tengu warriors
  3 orc high priests (Orc:2)
  3 shock serpents
  9 deep elf knights
  8 salamander mystics
  8 deep elf archers
  A wizard (D:14)
  A swamp dragon (Lair:6)
  3 naga ritualists (Snake:4)
  3 orc knights
  10 deep elf zephyrmancers
  An orc sorcerer (Orc:2)
  An oklob plant (Lair:1)
  22 deep elf pyromancers
  6 mana vipers
  18 salamanders
  6 ugly things
  3 manticores
  7 cyclopes
  A will-o-the-wisp (Lair:4)
  9 elephants
  Maurice (D:10)
  An ice statue (IceCv)
  32 black mambas
  4 guardian serpents
  9 naga magi
  3 torpor snails
  10 cane toads
  A gargoyle (D:11)
  2 kobold demonologists (D:12)
  7 yaktaurs
  8 komodo dragons
  4 rime drakes
  A tengu conjurer (D:14)
  3 trolls
  2 meliai (D:13)
  A polar bear (Lair:1)
  2 hornets
  3 dream sheep
  8 water elementals
  19 blink frogs
  A spriggan (Lair:5)
  A shadow (D:13)
  2 air elementals
  7 wyverns
  3 wraiths
  13 dancing weapons
  A golden eye (shapeshifter) (D:11)
  5 fire elementals
  3 steam dragons
  22 yaks
  A human (D:14)
  3 vampire mosquitoes
  4 basilisks
  6 wargs
  An acid dragon (Lair:6)
  50 nagas
  13 water moccasins
  A swamp drake (Lair:6)
  A black bear (Lair:2)
  25 orc warriors
  5 ice beasts
  2 sky beasts
  10 ogres
  4 centaurs
  3 necrophages
  2 phantoms (D:5)
  21 wolves
  5 kobold brigands
  4 bullfrogs
  A gnoll sergeant (D:8)
  5 earth elementals
  2 scorpions
  15 killer bees
  6 electric eels
  10 howler monkeys
  3 bullfrog zombies
  A centaur zombie (D:4)
  24 orc priests
  5 hounds
  4 jellies
  3 iguanas (Lair:6)
  23 orc wizards
  Robin (D:2)
  2 howler monkey zombies
  A howler monkey skeleton (D:7)
  8 adders
  4 gnolls (D:8)
  A river rat (Sewer)
  3 white imps
  3 worms
  5 dart slugs
  83 orcs
  10 bats
  10 endoplasms
  A giant cockroach (D:2)
  15 goblins
  9 hobgoblins
  2 jackals (D:3)
  3 quokkas
  9 ball pythons
  3 frilled lizards (D:1)
  25 kobolds
  9 rats
  A butterfly (Lair:4)
848 creatures vanquished.

Vanquished Creatures (collateral kills)
  A deep elf master archer (Elf:3)
  A deep elf blademaster (Elf:3)
  A nagaraja (Snake:4)
  Louise (Snake:4)
  3 deep elf sorcerers (Elf:3)
  A stone giant (D:15)
  A deep elf annihilator (Elf:3)
  A deep elf death mage (Elf:3)
  A boulder beetle (D:9)
  10 naga warriors
  2 ice dragons (IceCv)
  A vault guard (D:14)
  2 hydras
  4 anacondas (Snake:4)
  An ogre mage (D:15)
  4 salamander tyrants
  9 two-headed ogres
  A death yak (Lair:5)
  2 dancing weapons (Elf:1)
  An orc high priest (Orc:2)
  2 tengu warriors
  4 deep elf knights
  4 shock serpents
  12 naga sharpshooters
  A salamander mystic (Snake:4)
  5 naga ritualists
  An orange crystal statue (D:12)
  A deep elf pyromancer (Elf:1)
  2 deep elf archers (Elf:1)
  4 mana vipers
  12 salamanders
  3 orc knights
  A manticore (D:14)
  A cyclops (D:11)
  7 deep elf zephyrmancers
  An ugly thing (D:12)
  6 elephants
  8 naga magi
  3 guardian serpents
  4 cane toads
  An ice statue (IceCv)
  11 black mambas
  A rime drake (Lair:3)
  2 unseen horrors
  3 komodo dragons
  An efreet (D:15)
  3 yaktaurs (D:15)
  A tengu conjurer (D:14)
  A meliai (D:13)
  3 polar bears
  3 trolls
  6 blink frogs
  4 dream sheep
  19 yaks
  2 shadows
  A wyvern (Lair:6)
  3 water elementals
  2 basilisks
  Grum (D:11)
  2 vampire mosquitoes
  A steam dragon (Lair:6)
  18 nagas
  A warg (Orc:2)
  2 acid dragons (Lair:6)
  6 water moccasins
  9 orc warriors
  10 ice beasts (IceCv)
  4 wolves
  6 ogres
  2 centaurs
  A kobold brigand (D:8)
  4 bullfrogs
  2 earth elementals
  2 killer bees (D:10)
  A howler monkey (D:13)
  3 centaur zombies
  5 hounds
  15 orc priests
  A jelly (Lair:6)
  A bullfrog skeleton (D:7)
  4 iguanas
  14 orc wizards
  A gnoll (D:8)
  A howler monkey skeleton (D:7)
  26 orcs
  3 kobolds (D:8)
343 creatures vanquished.

Vanquished Creatures (others)
  A deep elf sorcerer (Elf:3)
  A naga sharpshooter (Snake:3)
  A deep elf archer (Elf:3)
  2 deep elf zephyrmancers
  4 dancing weapons
  A naga (Snake:4)
  A warg (Orc:2)
  15 knights
  2 ancestors (D:7)
  2 foxfires (Lair:4)
  47 fungi
  118 plants
  A withered plant (D:8)
196 creatures vanquished.

Grand Total: 1387 creatures vanquished

Notes
Turn   | Place    | Note
-------+----------+-------------------------------------------
     0 | D:1      | freelancePsychic the Human Ice Elementalist began the quest
                  | for the Orb.
     0 | D:1      | Reached XP level 1. HP: 13/13 MP: 3/3
   363 | D:1      | Reached XP level 2. HP: 19/19 MP: 1/5
  1508 | D:1      | Reached XP level 3. HP: 19/24 MP: 3/6
  1709 | D:2      | Noticed Robin
  1740 | D:1      | Learned a level 3 spell: Frozen Ramparts
  1744 | D:1      | Learned a level 3 spell: Ozocubu's Armour
  1835 | D:2      | Killed Robin
  2193 | D:2      | Reached XP level 4. HP: 19/30 MP: 1/8
  3025 | D:2      | Reached skill level 1 in Fighting
  3482 | D:2      | Reached skill level 5 in Ice Magic
  3597 | D:3      | Reached XP level 5. HP: 35/37 MP: 9/9
  4004 | D:3      | Found a stormy altar of Qazlal.
  4322 | D:3      | Reached XP level 6. HP: 9/46 MP: 4/10
  4586 | D:3      | Found a hide-covered altar of Uskayaw.
  5250 | D:4      | Identified a scroll of acquirement
  5251 | D:4      | Acquired a staff of cold
  5988 | D:4      | Found a hazy altar of Hepliaklqana.
  6157 | D:4      | Became a worshipper of Hepliaklqana the Forgotten
  6273 | D:5      | Entered Level 5 of the Dungeon
  6331 | D:5      | Found a glowing drain.
  6331 | D:5      | Noticed a necrophage
  6342 | D:5      | Reached skill level 1 in Staves
  6342 | D:5      | Reached skill level 1 in Shields
  6342 | D:5      | Killed a necrophage
  6343 | D:5      | Reached XP level 7. HP: 45/52 MP: 4/11
  6357 | Sewer    | Entered a sewer
  7113 | D:5      | Identified the amulet of Fatigue {Reflect Str+4 Dex+2 SH+5
                  | Stlth+}
  7350 | D:5      | Reached XP level 8. HP: 41/58 MP: 6/12
  7580 | D:5      | Found a white marble altar of Elyvilon.
  7780 | D:5      | Found Feunap's Assorted Antiques.
  8228 | D:6      | Reached skill level 5 in Staves
  8510 | D:6      | Reached skill level 5 in Fighting
  8510 | D:6      | Reached XP level 9. HP: 60/68 MP: 6/13
  8778 | D:6      | Found a sacrificial altar of Ru.
  8788 | D:6      | Reached skill level 1 in Evocations
  8918 | D:6      | Reached * piety under Hepliaklqana
  9660 | D:6      | Found a staircase to the Ecumenical Temple.
 10307 | D:7      | Noticed a hornet
 10324 | D:7      | Killed a hornet
 10642 | D:7      | Reached XP level 10. HP: 48/67 MP: 7/14
 11162 | D:7      | Found a large runed translucent door.
 11162 | D:7      | Found a large runed translucent door.
 11165 | D:7      | Noticed Sabo's ghost (novice DjGl)
 11594 | D:8      | Reached ** piety under Hepliaklqana
 11595 | D:8      | Remembered your ancestor Knightcicle as a knight
 11874 | D:8      | Found an ancient bone altar of Kikubaaqudgha.
 12301 | D:8      | Found Vabimowu's Weapon Shoppe.
 12395 | D:9      | Noticed a two-headed ogre
 12407 | D:9      | Killed a two-headed ogre
 12408 | D:9      | Reached skill level 10 in Staves
 13153 | D:9      | Found a glowing silver altar of Zin.
 13184 | D:9      | Reached XP level 11. HP: 63/77 MP: 8/15
 13248 | D:9      | Noticed a deep elf pyromancer
 13259 | D:9      | Killed a deep elf pyromancer
 13597 | D:9      | Found a staircase to the Orcish Mines.
 13659 | D:9      | Reached skill level 1 in Conjurations
 13674 | D:9      | Learned a level 4 spell: Hailstorm
 14312 | D:10     | Entered Level 10 of the Dungeon
 14312 | D:10     | Noticed a boulder beetle
 14728 | D:10     | HP: 2/78 [electric eel/bolt of electricity (6)]
 15508 | D:10     | Noticed Maurice
 15514 | D:10     | Killed Maurice
 15632 | D:10     | Found a staircase to the Lair.
 15904 | D:10     | Reached skill level 5 in Conjurations
 16168 | D:10     | Reached *** piety under Hepliaklqana
 16457 | Lair:1   | Entered Level 1 of the Lair of Beasts
 16457 | Lair:1   | Noticed an oklob plant
 16919 | Lair:1   | Reached XP level 12. HP: 83/84 MP: 9/16
 17411 | Lair:1   | Found a runed translucent door.
 17412 | Lair:1   | Noticed porpoise's ghost (journeyman MiBe)
 17761 | Lair:1   | Reached **** piety under Hepliaklqana
 18090 | Lair:2   | Reached skill level 1 in Invocations
 18277 | Lair:2   | Identified the +1 robe of Niufy {Will+ rCorr Int+4}
 19198 | Lair:3   | Noticed a four-headed hydra
 19207 | Lair:3   | Killed a four-headed hydra
 19331 | Lair:3   | Reached skill level 5 in Spellcasting
 19468 | Lair:3   | Noticed a five-headed hydra
 19486 | Lair:3   | Killed a five-headed hydra
 19487 | Lair:3   | Reached skill level 5 in Invocations
 19973 | Lair:3   | Reached XP level 13. HP: 87/89 MP: 19/22
 20163 | Lair:3   | Found a burning altar of Makhleb.
 20874 | Lair:4   | Found a staircase to the Swamp.
 21259 | Lair:4   | Reached skill level 5 in Dodging
 21293 | Lair:4   | Reached skill level 10 in Fighting
 21445 | Lair:4   | Found a staircase to the Snake Pit.
 22032 | Lair:5   | Noticed a boulder beetle
 22043 | Lair:5   | Killed a boulder beetle
 22755 | Lair:5   | Reached XP level 14. HP: 101/101 MP: 21/23
 23495 | Lair:6   | Entered Level 6 of the Lair of Beasts
 23975 | Lair:6   | Reached ***** piety under Hepliaklqana
 24776 | Lair:6   | Found a staircase to the Slime Pits.
 24849 | Lair:6   | Reached skill level 10 in Dodging
 25298 | Lair:6   | Learned a level 3 spell: Tukima's Dance
 25453 | Lair:6   | Reached skill level 1 in Hexes
 26422 | Lair:6   | Reached XP level 15. HP: 109/109 MP: 10/24
 26499 | Lair:6   | Learned a level 5 spell: Metabolic Englaciation
 26616 | Lair:6   | Identified Hoffyiru's Catalogue of the Vanishing Lives
 27050 | Lair:1   | Killed porpoise's ghost
 27426 | Orc:1    | Entered Level 1 of the Orcish Mines
 28208 | Orc:2    | Entered Level 2 of the Orcish Mines
 29351 | Orc:2    | Found Jolyptya's Assorted Antiques.
 30022 | Orc:2    | Found Zoskanar's Antique Armour Shop.
 30022 | Orc:2    | Found Cega's General Store.
 30023 | Orc:2    | Found Siyjanin's Jewellery Boutique.
 30027 | Orc:2    | Found Kaff's Magic Scroll Shop.
 30497 | Orc:2    | Found a staircase to the Elven Halls.
 30837 | Orc:2    | Bought the -2 hat of the Alchemist {rElec rPois rF+ rC+ rN+
                  | Will+ rMut rCorr} for 1699 gold pieces
 30837 | Orc:2    | Found the -2 hat of the Alchemist {rElec rPois rF+ rC+ rN+
                  | Will+ rMut rCorr}
 31043 | D:11     | Found a transporter.
 31044 | D:11     | Found a transporter.
 31111 | D:11     | Found a frozen archway.
 31155 | IceCv    | Entered an ice cave
 32208 | D:11     | Reached XP level 16. HP: 44/118 MP: 17/25
 32669 | D:11     | Noticed Grum
 32683 | D:11     | Killed Grum
 33178 | D:12     | Found a large runed translucent door.
 33179 | D:12     | Found a large runed translucent door.
 33181 | D:12     | Found a shimmering altar of Xom.
 33373 | D:12     | Found a flagged portal.
 33389 | Bailey   | Entered a bailey
 33856 | Bailey   | Acquired the +3 Elemental Staff {rElec rF++ rC++ Will++
                  | AC+5}
 33857 | Bailey   | Found the +3 Elemental Staff {rElec rF++ rC++ Will++ AC+5}
 33992 | D:12     | Reached skill level 5 in Evocations
 34489 | D:12     | Identified the +0 flail "Vocahov" {vorpal, rElec Will+}
 35185 | D:13     | Found Coakk's Antique Armour Shop.
 35191 | D:13     | Bought a pair of embroidered boots for 180 gold pieces
 36365 | D:14     | Found a gate to the Vaults.
 36563 | D:14     | Found a blossoming altar of Fedhas.
 36779 | D:15     | Entered Level 15 of the Dungeon
 37211 | D:15     | Reached ****** piety under Hepliaklqana
 37836 | D:15     | Reached XP level 17. HP: 120/125 MP: 15/26
 38420 | D:15     | Found a staircase to the Depths.
 38541 | D:15     | Reached skill level 10 in Evocations
 38865 | Orc:2    | Bought the ring of the Saviour {Will+ Int+6 Dex+4} for 1113
                  | gold pieces
 38865 | Orc:2    | Bought a condenser vane for 560 gold pieces
 39042 | Snake:1  | Entered Level 1 of the Snake Pit
 39304 | Snake:1  | Found Cyoxte's Book Boutique.
 39305 | Snake:1  | Found Cymm's Jewellery Emporium.
 39306 | Snake:1  | Found Peqir's Book Boutique.
 39332 | Snake:1  | Found a shadowy altar of Dithmenos.
 40127 | Snake:2  | Noticed Agnes
 40138 | Snake:2  | Killed Agnes
 40141 | Snake:2  | Reached skill level 10 in Ice Magic
 40789 | Snake:2  | Found Genaitseatz's Magic Scroll Shoppe.
 40793 | Snake:2  | Found Agiclysk's Antique Armour Emporium.
 40794 | Snake:2  | Found Goegharch's Jewellery Shoppe.
 41017 | Snake:2  | Reached skill level 1 in Earth Magic
 42368 | Snake:3  | Found Kuthoup's Assorted Antiques.
 42441 | Snake:3  | Found Codeas's Gadget Gallery.
 43052 | Snake:3  | Noticed Vashnia
 43209 | Snake:3  | Reached XP level 18. HP: 131/131 MP: 27/27
 43248 | Snake:4  | Entered Level 4 of the Snake Pit
 43898 | Snake:4  | Reached skill level 5 in Earth Magic
 43911 | Snake:4  | Reached skill level 10 in Conjurations
 44509 | Snake:4  | Noticed Asterion
 45117 | Snake:4  | Identified the amulet of Vaosepo {Acrobat Stlth+}
 45734 | Snake:4  | Killed Asterion
 45839 | Snake:4  | HP: 6/131 [rock wall collision (14)]
 46956 | Snake:4  | Reached XP level 19. HP: 104/136 MP: 28/28
 47168 | Snake:4  | Noticed Louise
 47192 | Snake:4  | Killed Louise
 47606 | Snake:4  | Reached skill level 10 in Earth Magic
 47923 | Snake:4  | Got a serpentine rune of Zot
 48022 | Snake:3  | Killed Vashnia
 49682 | Elf:1    | Entered Level 1 of the Elven Halls
 49736 | Elf:1    | Found a radiant altar of Vehumet.
 49807 | Elf:1    | Found a flickering gateway to a bazaar.
 49825 | Bazaar   | Entered a bazaar
 49920 | Bazaar   | Found Orattur's Armour Shoppe.
 49949 | Bazaar   | Found Wufegh's Distillery.
 49949 | Bazaar   | Found Daud's General Store.
 49999 | Elf:1    | Noticed Aizul
 50006 | Elf:1    | Killed Aizul
 50223 | Elf:1    | Found a shimmering blue altar of Sif Muna.
 51602 | Elf:1    | Reached XP level 20. HP: 134/143 MP: 16/29
 51911 | Elf:1    | Found an ancient bone altar of Kikubaaqudgha.
 52167 | Snake:1  | Bought a book of the Earth for 845 gold pieces
 52174 | Snake:1  | Learned a level 6 spell: Iron Shot
 52454 | Elf:2    | Found a huge runed translucent gate.
 52454 | Elf:2    | Found a huge runed translucent gate.
 52454 | Elf:2    | Found a huge runed translucent gate.
 52455 | Elf:2    | Found a huge runed translucent gate.
 52456 | Elf:2    | Found a huge runed translucent gate.
 53725 | Elf:3    | Entered Level 3 of the Elven Halls
 53741 | Elf:3    | Paralysed by an air elemental for 1 turns
 54611 | Elf:3    | Identified the +9 rapier of World's End {drain, *Noise rN+
                  | Will+++ Str+4}
 54617 | Elf:3    | Noticed an Ice Fiend
 54622 | Elf:3    | Reached skill level 10 in Spellcasting
 54625 | Elf:3    | Identified the amulet of the Turtledove {Reflect Regen+
                  | SH+5}
 54804 | Elf:3    | Killed from afar by a deep elf knight

Illustrated notes

Levels and vault maps discovered:
D:1:      erik_arrival_blinker_ship, layout_basic
D:2:      layout_loops_corners, minmay_diced_spiral, uniq_robin
D:3:      layout_rooms, nicolae_overflow_crystal_walls,
          lemuel_coloured_pillars_altar, kennysheep_cross_room,
          kennysheep_cluttered_room
D:4:      layout_basic, worldfamousw_hep_ancestral_shrine
D:5:      layout_rooms, kennysheep_mini, serial_shops, shop,
          cheibrodos_sewer_entry_drain
D:6:      cheibrodos_steamvent, layout_basic, amcnicky_altar_gilded,
          minmay_temple_entry_proselytizer
D:7:      minmay_evil_eye, layout_cave_pods, ebering_ghost_disaster_area,
          minmay_misc_feat_iff
D:8:      layout_cave_pools, kiku_gazebo_garden_becter, serial_shops,
          kennysheep_mini_moat
D:9:      layout_basic, lemuel_round_altar, minmay_orc_entry_temple_small,
          minmay_microvault
D:10:     layout_loops_cross, erik_lair_island, uniq_maurice
D:11:     gammafunk_sealed_arena, layout_gridville,
          portal_ice_cave_entry_pillars_2, st_stairs_10, minivault_20,
          minmay_misc_feat_square, uniq_grum
D:12:     due_chaos_kobolds, layout_basic, enter_bailey_6
D:13:     layout_rooms, serial_shops, kennysheep_little_box
D:14:     layout_roguey, grunt_vaults_entry_fortified, fedhas_altar_fruit_tree,
          kennysheep_pointless_box
D:15:     grunt_enter_depths_snipers, layout_loops_ring, serial_bayou,
          serial_bayou_pond_a, serial_bayou_lagoon_b, serial_bayou_lake_a,
          serial_bayou_crossing
Lair:1:   layout_regular_city, ebering_ghost_reflecting_pool,
          grunt_megastairs_3, serial_bayou_shore_a, minmay_lair_oklob_chamber
Lair:2:   layout_loops_ring
Lair:3:   layout_misc_corridors, basic_altar
Lair:4:   layout_loops_ring, minmay_swamp_entry_wisps,
          minmay_snake_entry_guardpost_small, kennysheep_catoblepas_arena,
          infiniplex_staircase_pool_2, lemuel_fruit_fields
Lair:5:   layout_roguey, wad_woods_03
Lair:6:   guppyfry_lair_end_dragon, layout_gridlike, hangedman_lair_in_review,
          minmay_slime_entry_pillars
Snake:1:  layout_honeycomb, basic_altar, grunt_megastairs_5, minmay_shop_grove
Snake:2:  layout_misc_corridors, grunt_megastairs_4, minmay_shop_star,
          uniq_agnes
Snake:3:  nicolae_snake_nest, layout_chambers, serial_shops,
          nicolae_shop_waterfront, nicolae_shop_gadgets, uniq_vashnia
Snake:4:  johnstein_snake_rune_scales, layout_cave_town, drop_trap,
          uniq_asterion, uniq_louise
Orc:1:    layout_caves, mines5_lemuel
Orc:2:    st_orc_mages, layout_caves, serial_shops, shop,
          nicolae_orc_crystal_geode
Elf:1:    layout_geoelf_octagon, basic_altar, serial_shops, bzr_entry_gold,
          evilmike_minifort, hangedman_feature_mirror, uniq_aizul
Elf:2:    layout_onion_city
Elf:3:    minmay_elf_hall_quartered_circle, layout_geoelf_grid

Skill      XL: |  1  2  3  4  5  6  7  8  9 10 11 12 13 14 15 16 17 18 19 20 |
---------------+-------------------------------------------------------------+-----
Spellcasting   | 3 6 10 | 10.8
Fighting       | 1 2 3 5 8 11 12 13 14 | 14.2
Ice Magic      | 5 8 9 10 | 10.9
Staves         | 2 3 6 8 10 11 | 11.9
Shields        | 2 3 4 |  4.0
Evocations     | 4 9 11 | 11.3
Conjurations   | 6 7 9 12 14 | 14.2
Invocations    | 6 |  6.0
Dodging        | 7 10 13 | 13.6
Hexes          | 4 |  4.0
Earth Magic    | 4 9 11 12 | 12.0
Stealth        | |  2.0

Action                   |  1- 3 |  4- 6 |  7- 9 | 10-12 | 13-15 | 16-18 | 19-21 || total
-------------------------+-------+-------+-------+-------+-------+-------+-------++-------
Melee: Unarmed           |     4 |       |       |       |       |       |       ||     4
       Mace              |    11 |    32 |       |       |       |       |       ||    43
       Dagger            |     5 |   106 |   113 |       |       |       |       ||   224
       Staff             |       |    23 |   104 |   222 |   616 |   666 |   258 ||  1889
       Morningstar       |       |    11 |       |       |       |       |       ||    11
 Cast: Freeze            |    29 |       |       |       |       |       |       ||    29
       Frozen Ramparts   |     6 |    20 |    33 |    55 |    60 |    69 |    19 ||   262
       Ozocubu's Armour  |     1 |     9 |    24 |    46 |    66 |    54 |    18 ||   218
       Hailstorm         |       |       |       |    35 |   118 |    83 |    46 ||   282
       Tukima's Dance    |       |       |       |       |    24 |     4 |     1 ||    29
       Metabolic Englaci |       |       |       |       |    11 |    37 |    11 ||    59
       Iron Shot         |       |       |       |       |       |       |    36 ||    36
Invok: Ancestor Identity |       |       |     1 |     2 |       |       |       ||     3
       Ancestor Life: Kn |       |       |       |     1 |       |       |       ||     1
       Recall Ancestor   |       |       |       |     1 |     1 |     1 |       ||     3
       Transference      |       |       |       |     1 |     1 |       |       ||     2
       Idealise          |       |       |       |       |     1 |     4 |     1 ||     6
Evoke: Wand              |       |       |       |     5 |    12 |    17 |     5 ||    39
       Condenser vane    |       |       |       |       |       |     2 |     2 ||     4
  Use: Scroll            |     1 |     5 |     2 |     8 |    12 |    11 |     2 ||    41
       Potion            |       |       |     2 |     2 |     5 |     3 |     2 ||    14
 Stab: Sleeping          |       |     5 |     5 |     3 |       |    12 |     6 ||    31
       Distracted        |       |       |       |     2 |     5 |     7 |     4 ||    18
Armor: Robe              |     9 |    61 |    44 |    32 |   107 |   101 |    23 ||   377
       Ring mail         |       |       |       |    18 |       |       |       ||    18
Dodge: Dodged            |    18 |   117 |    95 |   102 |   431 |   437 |    99 ||  1299
Block: Buckler           |       |     5 |    76 |   110 |   278 |   376 |   121 ||   966
       Reflection        |       |       |     3 |    10 |     6 |    57 |    29 ||   105

Table legend: (Time is in decaauts)
 A = Elapsed time spent in this place.
 B = Non-inter-level travel time spent in this place.
 C = Inter-level travel time spent in this place.
 D = Time resting spent in this place.
 E = Time spent auto-exploring this place.
 F = Levels seen in this place.
 G = Mean time per level.
                   A        B        C        D        E       F      G
               +--------+--------+--------+--------+--------+-----+--------+
         Total |  54377 |  52076 |   2301 |   6115 |  37563 |  34 | 1599.3 |
       Dungeon |  22846 |  21752 |   1094 |   2263 |  16432 |  15 | 1523.1 |
          Lair |  11108 |  10512 |    596 |    703 |   8269 |   6 | 1851.3 |
     Snake Pit |  10330 |  10118 |    212 |   1671 |   6446 |   4 | 2582.5 |
  Orcish Mines |   3214 |   2948 |    266 |    560 |   1765 |   2 | 1607.0 |
   Elven Halls |   4546 |   4413 |    133 |    461 |   3294 |   3 | 1515.3 |
        Bazaar |    152 |    152 |      0 |      0 |    146 |   1 |  152.0 |
         Sewer |    771 |    771 |      0 |      0 |    663 |   1 |  771.0 |
        Bailey |    571 |    571 |      0 |    241 |    136 |   1 |  571.0 |
      Ice Cave |    836 |    836 |      0 |    216 |    411 |   1 |  836.0 |
               +--------+--------+--------+--------+--------+-----+--------+

Top non-repeatable levels by time:
 Snake:4: 4629 daAuts
  Lair:6: 3176 daAuts
     D:9: 3056 daAuts
 Snake:3: 2315 daAuts
 Snake:2: 2245 daAuts
   Elf:1: 2132 daAuts
     D:1: 2009 daAuts
   Orc:2: 1992 daAuts
    D:15: 1913 daAuts
  Lair:1: 1886 daAuts
     D:6: 1732 daAuts
  Lair:5: 1702 daAuts
  Lair:4: 1680 daAuts
     D:7: 1632 daAuts
     D:2: 1563 daAuts
